 Dungeon Crawl Stone Soup version 0.30-a0-782-ge64f9170bb (webtiles) character file.

Game seed: 7934083203791873392

385 HoaS the Shooter (level 6, -1/35 HPs)
             Began as a Gargoyle Hunter on Mar 9, 2023.
             Slain by Blork the orc
             ... wielding a +0 glaive
              (12 damage)
             ... on level 4 of the Dungeon.
             The game lasted 00:05:19 (2844 turns).

HoaS the Shooter (Gargoyle Hunter)                  Turns: 2844, Time: 00:05:20

Health: -1/35      AC: 13    Str: 15    XL:     6   Next: 77%
Magic:  6/6        EV: 11    Int:  9    God:
Gold:   285        SH:  0    Dex: 15    Spells: 5/5 levels left

rFire   + . .      SeeInvis .    a - +0 shortbow
rCold   . . .      Faith    .    (shield currently unavailable)
rNeg    + . .      Spirit   .    c - +0 leather armour
rPois   ∞          Reflect  .    n - +5 helmet "Gecvuor" {Fly rF+}
rElec   +          Harm     .    (no cloak)
rCorr   .          Rampage  .    (no gloves)
Will    .....                    (no boots)
Stlth   ++                       h - amulet of the acrobat
HPRegen 0.25/turn                (no ring)
MPRegen 0.10/turn                (no ring)

@: flying, studying Fighting
A: sickness immunity, AC +4, negative energy resistance 1, electricity
resistance, torment resistance 1, petrification resistance
a: no special abilities


You were on level 4 of the Dungeon.
You visited 1 branch of the dungeon, and saw 5 of its levels.

You collected 285 gold pieces.

Inventory:

Hand Weapons
 a - a +0 shortbow (weapon)
Armour
 c - a +0 leather armour (worn)
 n - the +5 helmet "Gecvuor" (worn) {Fly rF+}
   (You took it off Robin on level 3 of the Dungeon)

   rF:        It protects you from fire.
   Fly:       It grants you flight.
Jewellery
 h - an amulet of the acrobat (around neck)
Wands
 m - a wand of roots (7)
Scrolls
 b - 2 scrolls of immolation
 l - a scroll of teleportation
 o - a scroll of fog
 p - a scroll of identify
Potions
 d - a potion of lignification {unknown}
 e - a potion of attraction {unknown}
 f - a potion of berserk rage {unknown}
 g - a potion of haste {unknown}
 i - a potion of curing {unknown}
 j - 2 potions of invisibility
 k - a potion of heal wounds {unknown}


   Skills:
 - Level 2.1 Fighting
 + Level 7.9 Ranged Weapons
 - Level 1.5 Dodging
 - Level 1.1 Stealth


You had 5 spell levels left.
You didn't know any spells.
Your spell library contained the following spells:

 Spells                   Type           Power      Damage    Failure   Level
 Static Discharge         Conj/Air       0%         2-2/arc   58%         2
 Ozocubu's Armour         Ice            0%         N/A       83%         3
 Vhi's Electric Charge    Tloc/Air       0%         N/A       83%         3
 Arcjolt                  Conj/Air       0%         1d10      100%        5
 Lightning Bolt           Conj/Air       0%         1d11      100%        5
 Ozocubu's Refrigeration  Ice            0%         4d7       100%        7


Dungeon Overview and Level Annotations

Branches:
Dungeon (5/15)
 Temple: D:4-7

Altars:
Nemelex Xobeh
Ru
Sif Muna
Vehumet
Xom

Annotations:
D:4 Blork the orc


Innate Abilities, Weirdness & Mutations

You are immune to sickness and miasma.
Your stone body is resilient. (AC +4)
You are immune to poison.
You resist negative energy. (rN+)
You are resistant to electric shocks. (rElec)
You are resistant to unholy torment.
You are immune to petrification.


Message History

You hear a shout!
A hound comes into view.
You shoot an arrow. The hound barks!
The arrow hits the hound.
The hound is moderately wounded.
Blork the orc comes into view.
He is wielding a +0 glaive and carrying a wand of roots (3).
You shoot an arrow.
Blork the orc shouts!
The arrow hits Blork the orc.
Blork the orc is lightly wounded.
You hear a shout!
Blork the orc zaps a wand.
The roots erupt in riotous growth!
The grasping roots grab you! The grasping roots constrict you.
You shoot an arrow. The arrow completely misses the hound.
Blork the orc barely misses you. The grasping roots constrict you.
You escape the roots grasp.
The hound attacks as you move away! The hound bites you but does no damage.
Blork the orc zaps a wand.
The roots erupt in riotous growth!
The grasping roots grab you!
Blork the orc is unaffected.
The hound is unaffected.
The grasping roots constrict you. The hound bites you.
You shoot an arrow.
The arrow hits Blork the orc but does no damage.
Blork the orc is lightly wounded.
The hound bites you but does no damage.
Blork the orc hits you with a +0 glaive!
The grasping roots constrict you.
You shoot an arrow. The arrow hits Blork the orc!
Blork the orc is heavily wounded.
The hound completely misses you.
Blork the orc hits you with a +0 glaive!
The grasping roots constrict you. The hound bites you but does no damage.
The grasping roots release their grip on you.
You shoot an arrow. The arrow hits Blork the orc!
Blork the orc is severely wounded.
The hound closely misses you.
Blork the orc hits you with a +0 glaive!
You die...

,,,,,,,,**,....#.##.######.#
*,,,,,,,,,,.............†..#
*,***,*,**,....#..#.#####..# *,*
*,*,**,,,.....#.# #..# *,*
*,*,**,*,,......# #..###### *,*
*,*,**,*,**#.#.)## #..##.... *,*
*,*,**,*,*##.....# #..##.### ,,*
*,*,,,,,,,#.h....####.......# ,**
*,*,,,,,..#.@#........≈≈≈≈≈.. ,*
*,,,,......o.#...###..≈≈≈≈≈○# ,*
***,,...............#○°°○.... ,*
*,,.....#.####.##.#.°°≈§§.# ,*
*,,.....#.* #.##.#°≈≈≈≈§.#
,******,,.....#.####.##.#)......#
,,,,,,,,,...,........##.......>..
*********###*##..........########
#########.## #


You could see Blork the orc and a hound.

Vanquished Creatures
  Sigmund (D:3)
  A howler monkey (D:4)
  Jessica (D:3)
  An iguana (D:4)
  Robin (D:3)
  4 adders
  An ufetubus (D:4)
  2 worms (D:2)
  A dart slug (D:4)
  2 orcs
  3 endoplasms
  3 giant cockroaches
  13 goblins
  8 hobgoblins
  10 jackals
  14 kobolds
  A quokka (D:2)
  7 ball pythons
  3 bats
  A frilled lizard (D:2)
  A rat (D:1)
79 creatures vanquished.

Vanquished Creatures (collateral kills)
  A frilled lizard (D:2)
1 creature vanquished.

Vanquished Creatures (others)
  5 plants (D:2)
5 creatures vanquished.

Grand Total: 85 creatures vanquished

Notes
Turn   | Place    | Note
-------+----------+-------------------------------------------
     0 | D:1      | HoaS the Gargoyle Hunter began the quest for the Orb.
     0 | D:1      | Reached XP level 1. HP: 12/12 MP: 1/1
   190 | D:1      | Reached XP level 2. HP: 17/17 MP: 2/2
   929 | D:2      | Reached XP level 3. HP: 21/21 MP: 3/3
   937 | D:2      | Reached skill level 5 in Ranged Weapons
   974 | D:2      | Identified a scroll of acquirement
   974 | D:2      | Acquired a +2 helmet of see invisible
  1250 | D:2      | Reached XP level 4. HP: 24/26 MP: 4/4
  1719 | D:3      | Noticed Jessica
  1720 | D:3      | Killed Jessica
  1721 | D:3      | Reached skill level 6 in Ranged Weapons
  1725 | D:3      | Acquired a manual of Fighting
  1799 | D:3      | Noticed Sigmund
  1805 | D:3      | Killed Sigmund
  1806 | D:3      | Reached skill level 7 in Ranged Weapons
  1806 | D:3      | Reached XP level 5. HP: 30/30 MP: 5/5
  1806 | D:3      | Reached XP level 6. HP: 35/35 MP: 6/6
  1969 | D:3      | You fall into a shaft and drop 2 floors!
  1969 | D:5      | Entered Level 5 of the Dungeon
  2210 | D:3      | Found a sacrificial altar of Ru.
  2244 | D:3      | Found a radiant altar of Vehumet.
  2350 | D:3      | Found a shimmering altar of Xom.
  2350 | D:3      | Found a shimmering altar of Xom.
  2350 | D:3      | Found a shimmering altar of Xom.
  2350 | D:3      | Found a shimmering altar of Xom.
  2350 | D:3      | Identified the +5 helmet "Gecvuor" {Fly rF+}
  2350 | D:3      | Noticed Robin
  2375 | D:3      | Killed Robin
  2448 | D:3      | Found a shimmering altar of Xom.
  2477 | D:3      | Found a shimmering altar of Xom.
  2478 | D:3      | Found a shimmering altar of Xom.
  2507 | D:3      | Found a shimmering altar of Xom.
  2696 | D:4      | Found a sparkling altar of Nemelex Xobeh.
  2757 | D:4      | Found a shimmering blue altar of Sif Muna.
  2838 | D:4      | Noticed Blork the orc
  2844 | D:4      | Slain by Blork the orc

Illustrated notes

Levels and vault maps discovered:
D:1:      dpeg_arrival_round_b, layout_loops_corners, minmay_tromino_mix6
D:2:      cheibrodos_old_hovel, layout_loops_ring
D:3:      layout_rooms, xom_redecorated, mainiacjoe_overflow_two_lobes,
          minmay_misc_feat_nine_boxes, uniq_robin, uniq_sigmund, uniq_jessica
D:4:      layout_loops_ring, nemelex_spade_bored_becter, chei_slow_surprise,
          nicolae_sif_muna_condensation, uniq_blork_the_orc
D:5:      layout_loops_corners, marbit_many_paths, minmay_misc_feat_encased

Skill      XL: |  1  2  3  4 |
---------------+-------------+-----
Ranged Weapons | 5 7 |  7.9
Fighting       | |  2.1
Dodging        | |  1.5
Stealth        | |  1.1

Action                     |  1- 3 |  4- 6 || total
---------------------------+-------+-------++-------
   Fire: Shortbow          |    83 |   140 ||   223
    Use: Scroll            |     4 |     5 ||     9
 Armour: Leather armour    |     9 |    39 ||    48
  Dodge: Dodged            |    25 |    48 ||    73

Table legend: (Time is in decaauts)
 A = Elapsed time spent in this place.
 B = Non-inter-level travel time spent in this place.
 C = Inter-level travel time spent in this place.
 D = Time resting spent in this place.
 E = Time spent auto-exploring this place.
 F = Levels seen in this place.
 G = Mean time per level.
                   A        B        C        D        E       F      G
               +--------+--------+--------+--------+--------+-----+--------+
         Total |   2895 |   2815 |     80 |    144 |   2166 |   5 |  579.0 |
       Dungeon |   2895 |   2815 |     80 |    144 |   2166 |   5 |  579.0 |
               +--------+--------+--------+--------+--------+-----+--------+

Top non-repeatable levels by time:
     D:1: 931 daAuts
     D:2: 822 daAuts
     D:3: 702 daAuts
     D:4: 434 daAuts
     D:5: 3 daAuts
